Map: [ESL] Royal Blood

Players

Classic

  • Race: Protoss Protoss

Maru - Winner!

  • Race: Terran Terran

Event: IEM Katowice 2023

VOD

Have the link to the VOD?

Description

Time

  • Played on: Feb. 10, 2023, 12:24 p.m.
  • Length: 10:49

All games in this series

Show
View Real Time Build Order
Export as new Build Order

Classic Protoss 

Build Orders:  

Get SALT Encoding   

  12  0:00  Probe  
  13  0:12  Probe  
  14  0:17  Pylon  
  14  0:24  Probe  
  15  0:36  Gateway  
  15  0:38  Probe (Chrono Boost)  
  16  0:47  Probe (Chrono Boost)  
  16  0:48  Assimilator  
  17  0:52  Probe (Chrono Boost)  
  18  0:58  Pylon  
  18  1:04  Probe  
  19  1:16  Gateway, Probe  
  20  1:25  Cybernetics Core  
  20  1:30  Zealot  
  22  1:34  Probe  
  23  1:41  Assimilator  
  23  1:47  Probe  
  24  1:59  Probe  
  24  2:00  Stalker (Chrono Boost)  
  29  2:09  Pylon  
  29  2:12  Warp Gate, Adept (Chrono Boost)  
  29  2:20  Adept (Chrono Boost)  
  31  2:35  Adept (Chrono Boost)  
  33  2:43  Adept  
  35  2:58  Stargate  
  35  3:02  Adept  
  37  3:09  Pylon  
  37  3:13  Adept  
  39  3:47  Fleet Beacon  
  36  4:01  Stalker x2  
  39  4:09  Nexus  
  39  4:12  Pylon  
  39  4:25  Probe  
  39  4:28  Tempest (Chrono Boost)  
  45  4:32  Shield Battery  
  45  4:42  Shield Battery  
  45  5:01  Tempest (Chrono Boost)  
  50  5:07  Shield Battery  
  50  5:09  Stalker  
  52  5:17  Probe  
  52  5:19  Assimilator  
  53  5:32  Probe  
  54  5:35  Tempest (Chrono Boost)  
  54  6:04  Shield Battery  
  54  6:06  Shield Battery  
  54  6:10  Tempest (Chrono Boost)  
  59  6:22  Shield Battery  
  59  6:23  Shield Battery  
  59  6:35  Stalker x2  
  63  6:45  Tempest (Chrono Boost)  
  68  7:06  Stalker  
  70  7:13  Pylon  
  70  7:15  Pylon  
  68  7:31  Tempest (Chrono Boost)  
  68  7:40  Stalker  
  68  7:44  Stalker  
  67  7:58  Twilight Council  
  67  8:05  Probe x2  
  67  8:10  Tempest  
  74  8:25  Stalker x2  
  78  8:32  Pylon  
  76  8:50  Shield Battery  
  76  8:52  Shield Battery  
  76  8:54  Pylon  
  76  9:05  Charge (Chrono Boost)  
  64  9:15  Gateway  
  64  9:19  Zealot  
  66  9:27  Zealot  
  68  9:42  Zealot  
  70  9:50  Gateway  
  67  9:55  Zealot  
  69  10:06  Zealot  
  65  10:12  Zealot  
  64  10:20  Zealot  
  65  10:28  Zealot  
  53  10:36  Zealot  
Show
View Real Time Build Order
Export as new Build Order

Maru Terran - Winner!

Build Orders: Reaper Expand 

Get SALT Encoding   

  12  0:00  SCV  
  13  0:12  SCV  
  14  0:17  Supply Depot  
  14  0:24  SCV  
  15  0:38  SCV  
  15  0:40  Barracks  
  16  0:43  Refinery  
  16  0:50  SCV  
  17  1:03  SCV  
  18  1:15  SCV  
  19  1:27  Orbital Command, Reaper  
  20  1:38  Command Center  
  20  1:48  Supply Depot  
  20  1:52  SCV  
  21  1:59  Marine  
  22  2:03  Factory  
  22  2:05  SCV  
  23  2:14  Bunker  
  23  2:17  SCV  
  23  2:18  Refinery  
  23  2:20  Barracks Reactor  
  24  2:29  SCV  
  25  2:41  SCV  
  24  2:46  Factory Tech Lab  
  22  2:53  SCV  
  22  2:56  Orbital Command  
  22  2:58  Marine x2  
  24  3:05  SCV  
  25  3:06  Cyclone  
  28  3:16  Marine x2  
  28  3:17  SCV  
  31  3:23  SCV  
  32  3:29  SCV  
  32  3:34  Marine x2  
  32  3:35  SCV  
  32  3:41  Siege Tank, SCV  
  37  3:50  SCV, Starport  
  38  3:56  Supply Depot  
  38  3:58  Marine x2  
  38  4:01  SCV  
  38  4:02  SCV  
  41  4:13  SCV, Cyclone  
  45  4:19  SCV  
  45  4:22  Refinery  
  46  4:26  SCV  
  47  4:31  SCV  
  47  4:38  Supply Depot  
  48  4:43  Viking x2  
  52  4:55  SCV, Supply Depot  
  53  5:00  Cyclone  
  53  5:05  SCV  
  57  5:07  Marine, SCV  
  57  5:13  Viking  
  61  5:17  Viking  
  61  5:18  SCV  
  61  5:19  Bunker  
  64  5:23  SCV  
  65  5:35  Marine  
  66  5:38  SCV  
  67  5:43  Viking  
  67  5:44  SCV  
  67  5:45  Supply Depot  
  70  5:58  Viking  
  70  6:01  SCV  
  70  6:07  Siege Tank  
  70  6:08  Supply Depot  
  70  6:11  SCV  
  74  6:13  Viking, SCV  
  74  6:16  Marine  
  78  6:23  SCV  
  78  6:29  Viking  
  78  6:31  Supply Depot  
  80  6:37  SCV  
  84  6:40  Siege Tank  
  84  6:47  Viking  
  85  6:54  Marine  
  82  7:02  SCV  
  83  7:11  Marine  
  83  7:13  Viking  
  86  7:29  Marine  
  85  7:32  Viking  
  85  7:33  SCV  
  85  7:35  SCV  
  87  7:43  Viking  
  89  7:47  Marine  
  89  7:50  Siege Tank  
  93  7:58  SCV, Supply Depot  
  94  8:07  Viking  
  96  8:23  Viking  
  98  8:37  Viking  
  100  8:45  SCV  
  101  8:49  SCV  
  101  8:52  Marine  
  101  8:53  Viking  
  101  8:55  Barracks  
  105  8:56  Barracks  
  105  9:01  Supply Depot  
  105  9:16  Barracks Tech Lab, SCV x2  
  107  9:24  Medivac  
  107  9:37  Marine, SCV  
  109  9:40  SCV  
  109  9:43  Engineering Bay  
  110  9:46  Marine  
  110  9:47  Marine  
  112  9:55  Marine  
  112  9:56  Medivac  
  112  9:59  Bunker  
  115  10:00  Bunker  
  115  10:04  Marine x2  
  116  10:08  Supply Depot  
  116  10:12  Marine  
  117  10:22  Marine  
  118  10:29  Marine  
  118  10:30  Marine  

Tags
 
Add a new tag
Caveats
  • Supply blocks, unpowered buildings, or Contaminate may cause inaccurate times.
  • Supply counts are checked every 10 seconds.